Map: [ESL] Oceanborn

Players

Cyan - Winner!

  • Race: Protoss Protoss
  • Spawn Location: 11:00

Nice

  • Race: Protoss Protoss
  • Spawn Location: 5:00

Event: ESL SC2 Masters 2023 Winter (Regional)

VOD

Have the link to the VOD?

Description

Time

  • Played on: Nov. 9, 2023, 6:58 a.m.
  • Length: 8:07

All games in this series

Show
View Real Time Build Order
Export as new Build Order

Cyan Protoss - Winner!

Build Orders: 1 Gate Expand, Proxy Void Ray 

Get SALT Encoding   

  12  0:00  Probe  
  13  0:12  Probe  
  14  0:19  Pylon  
  14  0:24  Probe  
  15  0:37  Probe (Chrono Boost)  
  15  0:38  Gateway  
  16  0:47  Assimilator, Probe (Chrono Boost)  
  17  0:52  Probe (Chrono Boost)  
  18  1:04  Probe  
  19  1:19  Nexus  
  19  1:30  Cybernetics Core  
  19  1:33  Probe  
  20  1:42  Assimilator  
  20  1:46  Probe  
  21  1:52  Pylon  
  21  1:58  Probe  
  22  2:07  Adept (Chrono Boost)  
  22  2:11  Probe  
  25  2:20  Stargate  
  25  2:23  Probe  
  25  2:28  Warp Gate  
  26  2:32  Probe  
  26  2:35  Probe  
  28  2:37  Stalker (Chrono Boost)  
  30  2:44  Shield Battery  
  30  2:47  Probe  
  31  2:52  Probe  
  32  3:09  Void Ray (Chrono Boost)  
  32  3:12  Stalker (Chrono Boost)  
  38  3:16  Probe  
  39  3:23  Shield Battery  
  39  3:30  Shield Battery  
  39  3:36  Probe  
  44  3:44  Void Ray (Chrono Boost)  
  44  3:53  Forge  
  44  3:54  Probe x2  
  46  3:59  Pylon  
  46  4:11  Pylon  
  46  4:14  Robotics Facility  
  46  4:20  Pylon  
  46  4:24  Probe  
  46  4:26  Zealot  
  51  4:33  Void Ray (Chrono Boost)  
  51  4:37  Photon Cannon  
  51  4:42  Photon Cannon  
  51  4:48  Zealot  
  53  4:55  Photon Cannon  
  57  5:09  Immortal (Chrono Boost)  
  57  5:17  Stalker  
  57  5:19  Shield Battery  
  57  5:20  Pylon  
  59  5:26  Void Ray  
  63  5:30  Probe  
  63  5:31  Probe  
  65  5:35  Shield Battery  
  65  5:44  Immortal (Chrono Boost)  
  69  5:58  Zealot, Shield Battery  
  69  5:59  Probe x2  
  66  6:11  Probe  
  66  6:12  Probe  
  66  6:23  Probe  
  66  6:24  Stalker, Probe  
  70  6:30  Pylon  
  68  6:35  Probe  
  68  6:37  Warp Prism (Chrono Boost)  
  73  6:41  Probe  
  72  6:47  Probe  
  72  6:48  Gateway  
  72  6:53  Probe  
  74  6:57  Sentry  
  74  7:00  Probe  
  77  7:01  Gateway  
  77  7:04  Immortal, Pylon  
  77  7:05  Probe  
  82  7:19  Probe  
  83  7:27  Void Ray (Chrono Boost), Pylon  
  83  7:28  Probe  
  88  7:35  Probe  
  89  7:55  Pylon x2  
  93  8:02  Stalker  
Show
View Real Time Build Order
Export as new Build Order

Nice Protoss 

Build Orders:  

Get SALT Encoding   

  12  0:00  Probe  
  13  0:12  Probe  
  14  0:17  Pylon  
  14  0:24  Probe (Chrono Boost)  
  16  0:36  Gateway, Probe (Chrono Boost)  
  16  0:41  Probe (Chrono Boost)  
  16  0:45  Assimilator  
  17  0:51  Assimilator  
  17  0:53  Probe  
  18  1:04  Gateway  
  18  1:07  Probe (Chrono Boost)  
  19  1:15  Probe (Chrono Boost)  
  20  1:23  Cybernetics Core  
  20  1:25  Probe  
  21  1:33  Pylon  
  21  1:38  Probe  
  22  1:50  Probe  
  23  1:59  Robotics Facility  
  23  2:03  Stalker  
  23  2:04  Warp Gate  
  25  2:13  Stalker  
  27  2:18  Pylon  
  27  2:21  Probe  
  28  2:34  Stalker  
  31  2:47  Warp Prism (Chrono Boost)  
  31  2:54  Stalker  
  33  3:00  Pylon  
  33  3:17  Shield Battery  
  33  3:24  Gateway  
  33  3:30  Gateway  
  33  3:32  Observer  
  34  3:54  Stalker x2  
  38  4:13  Observer  
  38  4:17  Pylon  
  38  4:23  Stalker x3  
  44  4:27  Stalker  
  46  4:47  Observer, Stalker x3  
  52  4:58  Stalker  
  54  5:09  Observer  
  54  5:16  Stalker  
  54  5:20  Pylon  
  54  5:23  Twilight Council  
  54  5:42  Stalker  
  56  5:46  Adept  
  56  5:47  Adept  
  60  6:00  Blink (Chrono Boost)  
  57  6:16  Stalker x2  
  57  6:17  Stalker  
  59  6:25  Stalker  
  61  6:45  Stalker  
  63  6:48  Pylon  
  63  6:49  Pylon  
  63  7:07  Stalker x2  
  63  7:08  Stalker  
  69  7:12  Stalker  
  71  7:26  Pylon  
  71  7:31  Stalker  
  71  7:35  Stalker  
Tags
 
Add a new tag
Caveats
  • Supply blocks, unpowered buildings, or Contaminate may cause inaccurate times.
  • Supply counts are checked every 10 seconds.